 Dungeon Crawl Stone Soup version 0.18.1-50-g88ac8fd (webtiles) character file.

1050 Monkfish the Covert (level 8, -1/52 HPs)
             Began as a Kobold Berserker on Oct 23, 2016.
             Was a Priest of Trog.
             Succumbed to a water moccasin's poison
             ... on level 5 of the Dungeon.
             The game lasted 00:08:58 (4927 turns).

Monkfish the Covert (Kobold Berserker)              Turns: 4927, Time: 00:08:59

Health: -1/52      AC:  3    Str: 14 (17) XL:     8   Next: 50%
Magic:  8/8        EV: 14    Int:  5      God:    Trog [***...]
Gold:   103        SH:  0    Dex: 15 (16) Spells: 0 memorised, 7 levels left

rFire  . . .     SeeInvis .     a - +1 short sword
rCold  . . .     Gourm    .     h - +0 leather armour
rNeg   + . .     Faith    .     (shield restricted)
rPois  .         Spirit   .     n - +0 hat
rElec  .         Dismiss  .     (no cloak)
rCorr  .         Reflect  .     (no gloves)
SustAt .         Harm     .     (no boots)
MR     .....                    (no amulet)
Stlth  ++++......               (no ring)
                                e - ring of positive energy

@: lethally poisoned (-1 -> -13), exhausted, very slightly contaminated, slowed,
very slow, not resistant to hostile enchantments, stealthy
A: carnivore 3
a: Berserk, Trog's Hand, Burn Spellbooks, Renounce Religion


You were on level 5 of the Dungeon.
You worshipped Trog.
Trog was most pleased with you.
You were not hungry.

You visited 1 branch of the dungeon, and saw 5 of its levels.

You collected 271 gold pieces.
You spent 168 gold pieces at shops.

Inventory:

Hand Weapons
 a - a +1 short sword (weapon)
 o - a +0 blowgun
 q - a +1 dagger of electrocution
Missiles
 g - 48 poisoned needles
Armour
 h - a +0 leather armour (worn)
 n - a +0 hat (worn)
 p - the +7 leather armour of the Equator {Int-5 Dex+4 Slay+3}
   (You bought it in a shop on level 4 of the Dungeon)

   It affects your intelligence (-5).
   It affects your dexterity (+4).
   It affects your accuracy and damage with ranged weapons and melee attacks
   (+3).
Jewellery
 e - a ring of positive energy (left hand)
Scrolls
 d - 2 scrolls of remove curse
 i - 2 scrolls of recharging
 j - a scroll of identify
 l - a scroll of magic mapping
Potions
 f - 2 potions of curing
Comestibles
 c - 2 meat rations
 k - a royal jelly


   Skills:
 + Level 6.3 Fighting
 + Level 7.7 Short Blades
 - Level 1.5 Armour
 - Level 2.4 Dodging
 * Level 8.6 Stealth


You had 7 spell levels left.
You didn't know any spells.

Dungeon Overview and Level Annotations

Branches:
Dungeon (5/15)
 Temple: D:4-7

Altars:

Shops:
D:4 *   D:5 (


Innate Abilities, Weirdness & Mutations

You are small and have problems with some larger weapons.
You are carnivorous and can eat meat at any time.


Message History

* * * LOW HITPOINT WARNING * * *
Read which item? (? for menu, Esc to quit)
Blink to where?
Press: ? - help, Dir - move target cursor You are very lightly contaminated with residual magic.
As you read the scroll of blinking, it crumbles to dust.
* * * LOW HITPOINT WARNING * * *
You feel very sick.
Drink which item? (? for menu, Esc to quit)
You feel better. The water moccasin closely misses you.
The water moccasin bites you.
* * * LOW HITPOINT WARNING * * *
You are lethally poisoned!
The water moccasin poisons you!
The sky beast flickers out of sight!
Deactivating autopickup; reactivate with Ctrl-A.
* * * LOW HITPOINT WARNING * * *
You feel sick. The water moccasin bites you.
* * * LOW HITPOINT WARNING * * *
You die...

###........# .........# #
#........# ......... #
#........# ......... #
####..#{## .......(# ####
##.#.# #.......####...
#...# #...^.... ##..#
##.......
######..############.......
#.......S.@................
#####.#....................
#.#.##......##.........
#...........#..........
#............>.....<...
#..............#.......
#........#...###.......
#..........### ####.###
##.........## #.##


You could see a water moccasin.

Vanquished Creatures
  The ghost of Monkfish the Cutter, an amateur KoBe of Trog (D:3)
  An ice beast (D:5)
  2 ogres
  A centaur (D:5)
  A scorpion (D:5)
  A howler monkey (D:5)
  2 hounds
  A jelly (D:5)
  3 orc wizards
  A centaur skeleton (D:4)
  An iguana (D:5)
  2 worker ants
  Natasha (twice) (D:2)
  A killer bee zombie (D:5)
  8 adders
  An adder zombie (D:2)
  3 adder skeletons (D:2)
  A worm (D:3)
  4 giant geckos
  10 orcs
  6 bats
  A bat skeleton (D:2)
  A bat zombie (D:2)
  4 giant cockroaches (D:1)
  14 goblins
  6 hobgoblins
  A quokka (D:2)
  A giant gecko skeleton (D:2)
  6 giant newts
  8 kobolds
  7 rats
102 creatures vanquished.

Notes
Turn   | Place    | Note
--------------------------------------------------------------
     0 | D:1      | Monkfish the Kobold Berserker began the quest for the Orb.
     0 | D:1      | Reached XP level 1. HP: 14/14 MP: 1/1
   169 | D:1      | Reached XP level 2. HP: 8/19 MP: 2/2
   619 | D:1      | Reached ** piety under Trog
   654 | D:1      | Reached XP level 3. HP: 23/24 MP: 3/3
   944 | D:2      | Reached skill level 1 in Stealth
  1214 | D:2      | Noticed Natasha
  1226 | D:2      | Killed Natasha
  1226 | D:2      | Reached skill level 5 in Short Blades
  1226 | D:2      | Reached XP level 4. HP: 11/29 MP: 4/4
  1585 | D:2      | Reached skill level 2 in Stealth
  1715 | D:2      | Noticed Natasha
  1720 | D:2      | Killed Natasha
  1720 | D:2      | Reached XP level 5. HP: 32/34 MP: 5/5
  2016 | D:3      | Reached skill level 3 in Stealth
  2021 | D:3      | Reached XP level 6. HP: 14/40 MP: 6/6
  2401 | D:3      | Noticed Monkfish's ghost (amateur KoBe)
  2425 | D:3      | Killed Monkfish's ghost
  2425 | D:3      | Reached skill level 5 in Fighting
  2425 | D:3      | Reached skill level 4 in Stealth
  2479 | D:3      | Found a faded altar to an unknown god.
  2567 | D:3      | Reached *** piety under Trog
  3055 | D:3      | Reached XP level 7. HP: 35/44 MP: 7/7
  3229 | D:4      | Reached skill level 5 in Stealth
  3574 | D:4      | Found Epniryaz's Assorted Antiques.
  3582 | D:4      | Bought a bloodstained leather armour for 168 gold pieces
  3582 | D:4      | Identified the +7 leather armour of the Equator {Int-5 Dex+4 Slay+3} (You bought it in a shop on level 4 of the Dungeon)
  3920 | D:4      | Reached skill level 6 in Stealth
  4004 | D:5      | Entered Level 5 of the Dungeon
  4069 | D:5      | Found Suig Qos's Antique Weapon Boutique.
  4369 | D:5      | Reached skill level 7 in Stealth
  4369 | D:5      | Reached XP level 8. HP: 47/51 MP: 8/8
  4747 | D:5      | Reached skill level 8 in Stealth
  4926 | D:5      | HP: 1/52 [water moccasin (6)]
  4927 | D:5      | Succumbed to a water moccasin's poison

Skill      XL: |  1  2  3  4  5  6  7  8 |
---------------+-------------------------+-----
Stealth        | 1 2 3 4 7 8 |  8.6
Fighting       | 4 5 6 |  6.3
Short Blades   | 5 6 7 |  7.7
Armour         | |  1.5
Dodging        | |  2.4

Action                   |  1- 3 |  4- 6 |  7- 9 || total
-------------------------+-------+-------+-------++-------
Melee: Short sword       |   110 |   160 |   121 ||   391
Invok: Berserk           |     2 |     6 |     6 ||    14
       Trog's Hand       |       |     2 |     3 ||     5
       Burn Spellbooks   |       |       |     1 ||     1
  Use: Scroll            |     6 |       |     8 ||    14
       Potion            |     1 |     3 |     6 ||    10
 Stab: Sleeping          |     2 |     4 |     6 ||    12
  Eat: Chunk             |     6 |    16 |     3 ||    25
       Meat ration       |       |       |     1 ||     1
Armor: Leather armour    |    15 |    42 |    12 ||    69
Dodge: Dodged            |    68 |   109 |    73 ||   250
